 Dungeon Crawl Stone Soup version 0.18.1-50-g88ac8fd (webtiles) character file.

25 Gargoyl the Skirmisher (level 2, 14/24 HPs)
             Began as a Demonspawn Abyssal Knight on Sept 13, 2016.
             Was a Follower of Lugonu.
             Quit the game on level 1 of the Dungeon.
             The game lasted 00:01:34 (981 turns).

Gargoyl the Skirmisher (Demonspawn Abyssal Knight)   Turns: 981, Time: 00:01:35

Health: 14/24      AC:  9    Str: 12    XL:     2   Next: 82%
Magic:  3/3        EV:  5    Int: 13    God:    Lugonu [*.....]
Gold:   42         SH:  0    Dex: 12    Spells: 0 memorised, 1 level left

rFire  . . .     SeeInvis .     a - +1 hand axe
rCold  . . .     Gourm    .     g - +0 chain mail
rNeg   . . .     Faith    .     (no shield)
rPois  .         Spirit   +     (no helmet)
rElec  .         Dismiss  .     d - +0 cloak
rCorr  .         Reflect  .     (no gloves)
SustAt +         Harm     .     (no boots)
MR     .....                    (no amulet)
Stlth  ..........               (no ring)
                                b - ring of sustain attributes

@: not resistant to hostile enchantments, extremely unstealthy
A: magic shield
a: Depart the Abyss, Renounce Religion


You were on level 1 of the Dungeon.
You worshipped Lugonu.
Lugonu was aware of your devotion.
You were hungry.

You visited 1 branch of the dungeon, and saw 1 of its levels.
You visited the Abyss 1 time.

You collected 42 gold pieces.

Inventory:

Hand Weapons
 a - a +1 hand axe (weapon)
Armour
 d - a +0 cloak (worn)
 g - a +0 chain mail (worn)
Jewellery
 b - a ring of sustain attributes (left hand)
Scrolls
 f - a scroll of magic mapping {unknown}
 i - a scroll of identify {unknown}
Potions
 e - 2 potions of flight {unknown}
 h - a potion of curing {unknown}
Comestibles
 c - a bread ration
 j - 2 royal jellies


   Skills:
 + Level 3.4 Fighting
 + Level 2.0 Axes
 * Level 2.2 Armour
 + Level 1.1 Dodging
 + Level 2.5 Invocations


You had one spell level left.
You didn't know any spells.

Dungeon Overview and Level Annotations

Branches:
Dungeon (1/15)

Altars:


Innate Abilities, Weirdness & Mutations

When hurt, damage is shared between your health and your magic reserves.


Message History

The hobgoblin hits you but does no damage.
You closely miss the hobgoblin. The hobgoblin closely misses you.
The hobgoblin hits you.
You closely miss the hobgoblin.
The hobgoblin hits you but does no damage.
Your chain mail prevents you from hitting the hobgoblin.
The hobgoblin hits you but does no damage.
Your chain mail prevents you from hitting the hobgoblin.
The hobgoblin hits you but does no damage.
Your chain mail prevents you from hitting the hobgoblin.
The hobgoblin hits you.
You slash the hobgoblin!
You kill the hobgoblin!
Lugonu accepts your kill.
You see here a hobgoblin corpse.
You start resting.
Magic restored.
You start resting.
You are feeling hungry.
Are you sure you want to abandon this character and quit the game? (Confirm with "yes".)

.### #.##.......#
##########.##.......#
...........##.......#
.#####..........# ##
.'..............+ .#
.##.†#........†.####.###.#
###..#...................
###..#.########†.....##
.....÷......)...@....#
.......########>†....#
.....................#
################.....#
###### ######†.)..#
###.#..# ##...##.....#
.##..).###.....#.....#
#...........⌠..#.....#
#.######..#...######.#


There were no monsters in sight!

Vanquished Creatures
  A giant cockroach (D:1)
  4 hobgoblins (D:1)
  5 jackals (D:1)
  4 bats (D:1)
  5 kobolds (D:1)
  2 rats (D:1)
21 creatures vanquished.

Notes
Turn   | Place    | Note
--------------------------------------------------------------
     0 | Abyss:1  | Gargoyl the Demonspawn Abyssal Knight began the quest for the Orb.
     0 | Abyss:1  | Reached XP level 1. HP: 18/18 MP: 2/2
   140 | Abyss:1  | Noticed a sixfirhy
   144 | D:1      | Escaped the Abyss
   631 | D:1      | Reached skill level 1 in Dodging
   666 | D:1      | Gained mutation: When hurt, damage is shared between your health and your magic reserves. [demonic ancestry]
   666 | D:1      | Reached XP level 2. HP: 16/24 MP: 3/3
   674 | D:1      | Reached * piety under Lugonu
   981 | D:1      | Quit the game

Skill      XL: |  1 |
---------------+----+-----
Dodging        | 1 |  1.1
Armour         | 2 |  2.2
Axes           | 2 |  2.0
Fighting       | |  3.4
Invocations    | |  2.5

Action                   || total
-------------------------++-------
Melee: Hand axe          ||    75
Invok: Depart the Abyss  ||     1
Armor: Chain mail        ||    87
Dodge: Dodged            ||    31
